 Dungeon Crawl Stone Soup version 0.30-a0-879-ga8ba668304 (webtiles) character file.

Game seed: 11204627031071681618

1927 ytrimaz the Fighter (level 9, 0/105 HPs)
             Began as an Ogre Berserker on Mar 13, 2023.
             Was a Believer of Trog.
             Killed from afar by a white imp (10 damage)
             ... with a puff of frost
             ... on level 7 of the Dungeon.
             The game lasted 00:06:14 (5594 turns).

ytrimaz the Fighter (Ogre Berserker)                Turns: 5594, Time: 00:06:15

Health: 0/105      AC:  4    Str: 27    XL:     9   Next: 17%
Magic:  8/8        EV: 10    Int:  8    God:    Trog [**....]
Gold:   131        SH:  5    Dex:  8    Spells: 8/8 levels left

rFire   . . .      SeeInvis .    l - +0 flail (holy)
rCold   . . .      Faith    .    (no shield)
rNeg    . . .      Spirit   .    b - +1 animal skin
rPois   .          Reflect  +    (helmet restricted)
rElec   .          Rampage  .    (no cloak)
rCorr   .                        (gloves unavailable)
Will    .....                    (boots unavailable)
Stlth   +                        g - amulet of reflection
HPRegen 0.37/turn                (no ring)
MPRegen 0.11/turn                (no ring)

@: on berserk cooldown, slowed, very slow
A: large, unfitting armour, tough skin 1, low MP 1, MP-powered wands
a: Renounce Religion, Berserk, Trog's Hand


You were on level 7 of the Dungeon.
You worshipped Trog.
Trog was pleased with you.
You visited 2 branches of the dungeon, and saw 8 of its levels.

You collected 219 gold pieces.
You spent 88 gold pieces at shops.


Innate Abilities, Weirdness & Mutations

You are too large for most types of armour.
You have tough skin. (AC +1)
Your magical capacity is low. (-10% MP)
You expend magic power (3 MP) to strengthen your wands.


   Skills:
 + Level 11.4 Fighting
 + Level 8.1 Maces & Flails
 - Level 2.6 Dodging


You had 8 spell levels left.
You didn't know any spells.
Your spell library was empty.

Inventory:

Hand Weapons
 a - a +0 mace
 l - a +0 flail of holy wrath (weapon)
   (You took it off an orc on level 3 of the Dungeon)
 s - a +0 giant club of freezing
   (You took it off an ogre on level 5 of the Dungeon)
Armour
 b - a +1 animal skin (worn)
Jewellery
 g - an amulet of reflection (around neck)
   (You found it on level 3 of the Dungeon)
 o - an amulet of the acrobat
   (You found it on level 4 of the Dungeon)
Wands
 e - a wand of flame (16)
   (You found it on level 7 of the Dungeon)
 q - a wand of paralysis (9)
   (You found it on level 4 of the Dungeon)
Scrolls
 h - 2 scrolls of teleportation
 p - 2 scrolls of torment
 r - 4 scrolls of fog
 t - 2 scrolls of magic mapping
 u - a scroll of fear
Potions
 c - 3 potions of brilliance
 d - a potion of attraction
 f - 3 potions of heal wounds
 i - 2 potions of flight
 j - a potion of lignification
 k - a potion of might
 m - a potion of ambrosia
 n - a potion of curing

Dungeon Overview and Level Annotations

Branches:
Dungeon (7/15) Zot: 26933  Temple (1/1) D:5 Zot: 5995

Altars:
Ashenzari
Cheibriados
Dithmenos
Elyvilon
Fedhas
Gozag
Kikubaaqudgha
Makhleb
Nemelex Xobeh
Okawaru
Qazlal
Ru
Sif Muna
Trog
Uskayaw
Vehumet
Wu Jian
Xom
Yredelemnul
Zin
The Shining One

Shops:
D:5

? ..#.(...######
................#
#....#..........#
...............#
............./.
#..#5#........
#..#.#........
#...#........
#..@#........
##.>.........
#........###
##..####.# #..#
... ##.# ... #..
.. ##. ..


You could see a white imp.


Message History

You block the phantom's attack. 😨 HP[-1]
You take 1 damage, and now have 53/157 hp.
You closely miss the phantom.
You feel sick. 😨 HP[-1]
You take 1 damage, and now have 52/157 hp.
You bludgeon the phantom!!
The phantom convulses.
You feel sick.
The phantom hits you but does no damage. 😨 HP[-1]
You take 1 damage, and now have 51/157 hp.
Unknown command.
You closely miss the phantom.
You feel sick.
You block the phantom's attack. 😨 HP[-1]
You take 1 damage, and now have 50/157 hp.
You closely miss the phantom.
You feel sick. 😨 HP[-1]
You take 1 damage, and now have 49/157 hp.
You sock the phantom!
You destroy the phantom!
Trog accepts your kill.
You feel the effects of Trog's Hand fading.
You feel sick.
Your Maces & Flails skill increases to level 8!
Unknown command.
You closely miss the bullfrog.
You feel sick. The bullfrog closely misses you.
You completely miss the bullfrog.
You feel sick. You block the bullfrog's attack.
You are too berserk!
Unknown command.
You bludgeon the bullfrog!!
You are no longer berserk.
You are exhausted.
You feel yourself slow down.
You feel sick. The bullfrog hits you.
* * * LOW HITPOINT WARNING * * *
😨 HP[-17]
You now have 105 max hp (-52).
You barely miss the bullfrog.
You feel sick. The bullfrog hits you.
* * * LOW HITPOINT WARNING * * *
The bullfrog hits you.
* * * LOW HITPOINT WARNING * * *
😨 HP[-5]
You take 5 damage, and now have 27/105 hp.
You sock the bullfrog!
You kill the bullfrog!
Trog accepts your kill.
Your skin stops crawling.
You feel less strong-willed.
You feel sick. The hound bites you.
* * * LOW HITPOINT WARNING * * *
😱 HP[-5]
You take 5 damage, and now have 22/105 hp.
Unknown command.
You sock the hound!
You feel sick.
You are no longer poisoned.
The hound barely misses you. You block the hound's attack. 😱 HP[-1]
You take 1 damage, and now have 21/105 hp.
Unknown command.
As you read the scroll of teleportation, it crumbles to dust.
You feel strangely unstable. You block the hound's attack.
The hound closely misses you. The hound bites you.
* * * LOW HITPOINT WARNING * * *
The hound bites you but does no damage. The hound bites you.
* * * LOW HITPOINT WARNING * * *
😱 HP[-2]
You take 2 damage, and now have 19/105 hp.
Your surroundings suddenly seem different.
A white imp comes into view.
The white imp shouts, "Slither home, thou peeagling tickle-brained nightsoil!"
The white imp gestures at you. The puff of frost misses you. 😱 HP[+1]
The white imp gestures at you. The puff of frost hits you.
* * * LOW HITPOINT WARNING * * *
😱 HP[-6]
You take 6 damage, and now have 14/105 hp.
The white imp gestures at you. The puff of frost hits you.
* * * LOW HITPOINT WARNING * * *
😱 HP[-2]
You take 2 damage, and now have 12/105 hp.
Found a stone staircase leading down. 😱 HP[+1]
The white imp gestures at you. The puff of frost hits you!
* * * LOW HITPOINT WARNING * * *
There is a stone staircase leading down here. 😱 HP[-10]
You take 10 damage, and now have 3/105 hp.
You feel much better. The white imp gestures at you.
The puff of frost hits you!
* * * LOW HITPOINT WARNING * * *
😱 HP[+6]
You regained 6 hp, and now have 9/105 hp.
The white imp gestures at you. The puff of frost hits you!
You die...

Skill      XL: |  1  2  3  4  5  6  7  8  9 |
---------------+----------------------------+-----
Maces & Flails | 3 4 5 6 7 8 |  8.1
Fighting       | 5 6 7 9 11 | 11.4
Dodging        | |  2.6

Action                     |  1- 3 |  4- 6 |  7- 9 || total
---------------------------+-------+-------+-------++-------
  Melee: Mace              |   101 |    88 |       ||   189
         Flail             |       |    51 |   174 ||   225
         Punch             |       |     2 |     1 ||     3
 Invoke: Berserk           |     1 |     7 |     4 ||    12
         Trog's Hand       |       |       |     2 ||     2
    Use: Scroll            |       |     8 |     8 ||    16
         Potion            |       |     2 |     2 ||     4
 Armour: Animal skin       |    38 |    32 |    46 ||   116
  Dodge: Dodged            |    54 |    72 |    91 ||   217
  Block: Other             |       |    20 |    36 ||    56
         Reflection        |       |       |     2 ||     2

Levels and vault maps discovered:
D:1:      lemuel_arrival_cross, layout_basic
D:2:      layout_basic, interstate_on_off, uniq_natasha
D:3:      layout_basic, columned_hall_lemuel, hangedman_decor_growths,
          hangedman_feature_mirror, kennysheep_jessica_study
D:4:      layout_rooms, kennysheep_mini, kennysheep_generic_room_16
D:5:      layout_loops_ring, minmay_temple_entry_trees, serial_shops, shop
D:6:      layout_layer_cave, gammafunk_temple_overflow_elements, uniq_eustachio
D:7:      minmay_the_grid_four_pointed_star
          [minmay_the_grid_triangle_9x9_limited_checkers,
          minmay_the_grid_triangle_9x9_thin_v,
          minmay_the_grid_triangle_9x9_skeleton,
          minmay_the_grid_triangle_9x9_sparse_checkered,
          minmay_the_grid_prize_diamond_cup], layout_basic,
          minmay_shattered_shrine
Temple:   nicolae_temple_no_exploring_needed

Notes
Turn   | Place    | Note
-------+----------+-------------------------------------------
     0 | D:1      | ytrimaz the Ogre Berserker began the quest for the Orb.
     0 | D:1      | Reached XP level 1. HP: 24/24 MP: 1/1
     0 | D:1      | magus.rc [v1.9.6]
    62 | D:1      | Reached XP level 2. HP: 26/33 MP: 2/2
   114 | D:1      | Reached skill level 3 in Maces & Flails
   478 | D:1      | Reached XP level 3. HP: 40/40 MP: 3/3
   720 | D:2      | Reached skill level 5 in Fighting
   798 | D:2      | You fall into a shaft and drop 2 floors!
   799 | D:4      | Noticed a scorpion
   805 | D:4      | Killed a scorpion
   806 | D:4      | Reached XP level 4. HP: 50/50 MP: 4/4
   847 | D:4      | Reached skill level 6 in Fighting
   847 | D:4      | Reached skill level 4 in Maces & Flails
   847 | D:4      | Reached XP level 5. HP: 56/59 MP: 5/5
  1589 | D:3      | Noticed Jessica
  1597 | D:3      | HP: 13/78 [Jessica/+5 dagger of draining (8)]
  1599 | D:3      | Killed Jessica
  1799 | D:3      | Reached XP level 6. HP: 62/62 MP: 6/6
  2244 | D:4      | Reached skill level 7 in Fighting
  2432 | D:4      | Found a basalt altar of Yredelemnul.
  2492 | D:4      | Reached ** piety under Trog
  2740 | D:4      | Reached skill level 5 in Maces & Flails
  3007 | D:5      | Entered Level 5 of the Dungeon
  3023 | D:5      | Reached XP level 7. HP: 79/79 MP: 7/7
  3045 | D:5      | Found Xewewn's Magic Scroll Emporium.
  3066 | D:5      | Reached skill level 8 in Fighting
  3190 | D:5      | Bought a scroll of identify for 22 gold pieces
  3190 | D:5      | Bought a scroll of identify for 22 gold pieces
  3190 | D:5      | Bought a scroll of fear for 44 gold pieces
  3215 | D:5      | Gained mutation: You expend magic power (3 MP) to
                  | strengthen your wands. [potion of mutation]
  3215 | D:5      | Gained mutation: Your magical capacity is low. (-10% MP)
                  | [potion of mutation]
  3982 | D:5      | Reached skill level 6 in Maces & Flails
  3986 | D:5      | Found a staircase to the Ecumenical Temple.
  3993 | Temple   | Entered the Ecumenical Temple
  4407 | D:6      | Reached skill level 9 in Fighting
  4407 | D:6      | Reached XP level 8. HP: 87/92 MP: 7/7
  4632 | D:6      | Reached skill level 10 in Fighting
  4632 | D:6      | Reached skill level 7 in Maces & Flails
  4819 | D:6      | Noticed Eustachio
  4829 | D:6      | Killed Eustachio
  4994 | D:6      | Found a glowing golden altar of the Shining One.
  4994 | D:6      | Found a sacrificial altar of Ru.
  5186 | D:6      | Reached skill level 11 in Fighting
  5186 | D:6      | Reached XP level 9. HP: 54/105 MP: 8/8
  5564 | D:7      | Noticed a hornet
  5579 | D:7      | Reached skill level 8 in Maces & Flails
  5583 | D:7      | HP: 26/105 [poisoned by a water moccasin]
  5588 | D:7      | HP: 14/105 [white imp/puff of frost (6)]
  5592 | D:7      | HP: 3/105 [white imp/puff of frost (10)]
  5594 | D:7      | Killed from afar by a white imp

Vanquished Creatures
  Eustachio (D:6)
  2 water moccasins
  2 ice beasts (D:6)
  A sky beast (D:6)
  2 ogres
  A centaur (D:6)
  2 phantoms
  A bullfrog (D:7)
  4 scorpions
  2 howler monkeys (D:6)
  2 jellies
  3 hounds (D:6)
  2 orc priests
  2 sleepcaps
  Jessica (D:3)
  2 iguanas
  3 gnolls
  9 adders
  A white imp (D:6)
  A dart slug (D:3)
  8 orcs
  6 ball pythons
  5 endoplasms
  2 giant cockroaches
  11 goblins
  3 hobgoblins
  4 kobolds
  3 quokkas
  3 bats
  A frilled lizard (D:3)
  7 rats
97 creatures vanquished.

Table legend:
 A = Non-vault XP
 B = Vault XP
 C = Vault XP percentage of total XP
 D = Non-vault monster count
 E = Vault monster count
 F = Vault count percentage of total count
                 A         B        C        D         E       F
            +---------+---------+-------+---------+---------+-------
      Total |    2156 |     598 |  21.7 |      87 |      10 |  10.3
            +---------+---------+-------+---------+---------+-------
        D:1 |      40 |       0 |   0.0 |      25 |       0 |   0.0
        D:2 |      14 |       0 |   0.0 |       2 |       0 |   0.0
        D:3 |     127 |      43 |  25.3 |      16 |       4 |  20.0
        D:4 |     323 |       4 |   1.2 |      17 |       2 |  10.5
        D:5 |     529 |       0 |   0.0 |      11 |       0 |   0.0
        D:6 |    1123 |     197 |  14.9 |      16 |       1 |   5.9
        D:7 |       0 |     354 | 100.0 |       0 |       3 | 100.0
            +---------+---------+-------+---------+---------+-------

Illustrated notes

Table legend:
 A = Kills in this place as a percentage of kills in the entire game.
 B = Kills by you in this place as a percentage of kills by you in the entire game.
 C = Kills by friends in this place as a percentage of kills by friends in the entire game.
 D = Other kills in this place as a percentage of other kills in the entire game.
 E = Experience gained in this place as a percentage of experience gained in the entire game.
 F = Experience gained in this place divided by the number of levels of this place that you have seen.
                   A       B       C       D       E      F
               +-------+-------+-------+-------+-------+----------------------
         Total | 100.0 | 100.0 |   N/A |   N/A | 100.0 | 344.2
       Dungeon | 100.0 | 100.0 |   N/A |   N/A | 100.0 | 393.4
               +-------+-------+-------+-------+-------+----------------------

Table legend: (Time is in decaauts)
 A = Elapsed time spent in this place.
 B = Non-inter-level travel time spent in this place.
 C = Inter-level travel time spent in this place.
 D = Time resting spent in this place.
 E = Time spent auto-exploring this place.
 F = Levels seen in this place.
 G = Mean time per level.
                   A        B        C        D        E       F      G
               +--------+--------+--------+--------+--------+-----+--------+
         Total |   5768 |   5605 |    163 |    316 |   4259 |   8 |  721.0 |
       Dungeon |   5764 |   5601 |    163 |    316 |   4259 |   7 |  823.4 |
        Temple |      4 |      4 |      0 |      0 |      0 |   1 |    4.0 |
               +--------+--------+--------+--------+--------+-----+--------+

Top non-repeatable levels by time:
     D:3: 1386 daAuts
     D:6: 1302 daAuts
     D:5: 1116 daAuts
     D:4: 1071 daAuts
     D:1: 677 daAuts
     D:2: 144 daAuts
     D:7: 65 daAuts
  Temple: 4 daAuts
